 Dungeon Crawl Stone Soup version 0.30-a0-585-g93115170b9 (webtiles) character file.

Game seed: 11047394791932302284

667 wormed the Spear-Bearer (level 7, -2/56 HPs)
             Began as a Merfolk Berserker on Jan 2, 2023.
             Was a Priest of Trog.
             Slain by an orc
             ... wielding a +0 whip
              (5 damage)
             ... on level 5 of the Dungeon.
             The game lasted 00:06:04 (4098 turns).

wormed the Spear-Bearer (Merfolk Berserker)         Turns: 4098, Time: 00:06:05

Health: -2/56      AC:  3    Str: 17    XL:     7   Next: 57%
Magic:  7/7        EV: 14    Int:  7    God:    Trog [***...]
Gold:   267        SH:  5    Dex: 15    Spells: 6/6 levels left

rFire   . . .      SeeInvis .    a - +0 spear
rCold   + . .      Faith    .    (no shield)
rNeg    . . .      Spirit   .    c - +0 leather armour
rPois   .          Reflect  +    (no helmet)
rElec   .          Harm     .    (no cloak)
rCorr   .          Rampage  .    (no gloves)
Will    .....                    (no boots) Stlth
                                 l - amulet of reflection
HPRegen 0.29/turn                r - ring of protection from cold
MPRegen 0.10/turn                (no ring)

@: mighty, silenced, on berserk cooldown, slowed, very slow
A: (nimble swimmer 2), mertail
a: Renounce Religion


You were on level 5 of the Dungeon.
You worshipped Trog.
Trog was most pleased with you.
You visited 1 branch of the dungeon, and saw 5 of its levels.

You collected 267 gold pieces.

Inventory:

Hand Weapons
 a - a +0 spear (weapon)
Armour
 b - a +0 animal skin
 c - a +0 leather armour (worn)
Jewellery
 h - an amulet of magic regeneration
 l - an amulet of reflection (around neck)
 r - a ring of protection from cold (left hand)
Wands
 o - a wand of paralysis (6)
 p - a wand of flame (8)
Scrolls
 d - 2 scrolls of silence
 f - a scroll of poison {unknown}
 g - 2 scrolls of teleportation {unknown}
 i - a scroll of magic mapping {unknown}
 k - a scroll of amnesia {unknown}
 n - 2 scrolls of fear {unknown}
 q - a scroll of noise {unknown}
Potions
 e - a potion of cancellation


   Skills:
 + Level 5.4 Fighting
 * Level 8.4 Polearms
 - Level 1.3 Armour
 + Level 5.8 Dodging


You had 6 spell levels left.
You didn't know any spells.
Your spell library was empty.

Dungeon Overview and Level Annotations

Branches:
Dungeon (5/15)
 Temple: D:4-7

Altars:
Ashenzari
Qazlal
Ru
Sif Muna
Trog
Uskayaw

Shops:
D:3 (

Annotations:
D:3 2 transporters, Farfigtubin's ghost, amateur GnWr
D:4 1 runed translucent door, Dowan; Duvessa; yumyumyeen's ghost, amateur MiMo


Innate Abilities, Weirdness & Mutations

((You are very nimble when in or above water. (Stealth+, EV+, Speed+++)))
Your lower body shifts to a powerful aquatic tail in water.


Message History

The stone hits the orc.
You feel a strong urge to attack something.
You are too berserk!
An iguana comes into view.
The orc shouts!
You are too injured to fight recklessly!
You feel your anger nearly subside.
You are no longer berserk.
You are exhausted.
You feel yourself slow down. You block the orc priest's attack.
The orc misses you.
You barely miss the orc.
The orc is moderately wounded.
The orc priest invokes the aid of Beogh against you.
Beogh smites you!
* * * LOW HITPOINT WARNING * * *
The iguana hisses menacingly.
The orc misses you.
As you read the scroll labelled ETOSED XEOSK, it crumbles to dust.
A profound silence engulfs you.
It was a scroll of silence.
You block the orc priest's attack. The orc hits you with a +0 whip.
* * * LOW HITPOINT WARNING * * *
The orc hits you but does no damage.
You hit the orc.
The orc is heavily wounded.
You block the orc priest's attack. The orc closely misses you. x2
You puncture the orc!
You kill the orc!
Trog accepts your kill.
The orc priest hits you with a +0 dagger.
* * * LOW HITPOINT WARNING * * *
The orc hits you but does no damage.
You feel very mighty all of a sudden. You block the orc priest's attack.
The iguana closely misses you. The orc hits you with a +0 whip.
* * * LOW HITPOINT WARNING * * *
You puncture the orc priest!
You kill the orc priest!
Trog accepts your kill. The orc hits you with a +0 whip.
You die...

#..########.###.### #..#
............###.# #.##
...............# ###.##
#..##.......### #.....
#....#.##.### ##...#.
###....##....####..###.
.########..<#####...#...###.
..........lo.# #....#.#...
####......)@.#####...#....##
#..###.###.).....#.....###
#.. ...#.......รท.......# #
#. .......###.####..##.####
.........## #...##..##.....
. .......# ###.###....####
.......# ####(...........
......## #...###..##..... .
#.......#######.


You could see an iguana and an orc.

Vanquished Creatures
  Sigmund (D:5)
  An ice beast (D:5)
  A phantom (D:5)
  A hound (D:2)
  2 orc priests (D:5)
  An iguana (D:5)
  Ijyb (D:4)
  Robin (D:4)
  7 adders
  3 gnolls (D:3)
  An ufetubus (D:4)
  A worm (D:3)
  2 dart slugs
  8 orcs
  6 ball pythons
  6 endoplasms
  4 giant cockroaches
  17 hobgoblins
  4 jackals (D:2)
  6 quokkas
  4 bats
  A frilled lizard (D:2)
  21 goblins
  4 kobolds
  5 rats
109 creatures vanquished.

Vanquished Creatures (others)
  4 fungi (D:3)
4 creatures vanquished.

Grand Total: 113 creatures vanquished

Notes
Turn   | Place    | Note
-------+----------+-------------------------------------------
     0 | D:1      | wormed the Merfolk Berserker began the quest for the Orb.
     0 | D:1      | Reached XP level 1. HP: 18/18 MP: 1/1
    35 | D:1      | Reached XP level 2. HP: 7/24 MP: 2/2
   562 | D:1      | Found a faded altar of an unknown god.
   821 | D:2      | Reached XP level 3. HP: 10/30 MP: 3/3
   908 | D:2      | Reached skill level 5 in Polearms
   917 | D:2      | Found a bloodstained altar of Trog.
  1036 | D:2      | Reached ** piety under Trog
  1070 | D:2      | Reached XP level 4. HP: 7/37 MP: 4/4
  1571 | D:2      | Reached XP level 5. HP: 19/42 MP: 5/5
  1687 | D:2      | Reached skill level 6 in Polearms
  2096 | D:3      | Found a hide-covered altar of Uskayaw.
  2251 | D:3      | Found Lishrim's Weapon Boutique.
  2259 | D:3      | Reached *** piety under Trog
  2342 | D:3      | Found a stormy altar of Qazlal.
  2343 | D:3      | Noticed a fire elemental
  2346 | D:3      | Noticed a water elemental
  2346 | D:3      | Noticed an air elemental
  2425 | D:3      | Noticed Farfigtubin's ghost (amateur GnWr)
  2472 | D:3      | Found a transporter.
  2479 | D:3      | Found a transporter.
  2607 | D:3      | Found a sacrificial altar of Ru.
  2867 | D:4      | Found a shimmering blue altar of Sif Muna.
  2878 | D:4      | Noticed Ijyb
  2882 | D:4      | Killed Ijyb
  2883 | D:4      | Reached XP level 6. HP: 49/49 MP: 6/6
  2888 | D:4      | Found a broken altar of Ashenzari.
  2957 | D:4      | Noticed Robin
  3000 | D:4      | Killed Robin
  3144 | D:4      | Noticed Dowan
  3147 | D:4      | Noticed Duvessa
  3595 | D:4      | Found a runed translucent door.
  3595 | D:4      | Noticed yumyumyeen's ghost (amateur MiMo)
  3595 | D:4      | Noticed an ice beast
  3639 | D:5      | Entered Level 5 of the Dungeon
  3639 | D:5      | Noticed an ice beast
  3669 | D:5      | Killed an ice beast
  3670 | D:5      | Reached skill level 7 in Polearms
  3670 | D:5      | Reached skill level 5 in Dodging
  3904 | D:5      | Reached skill level 5 in Fighting
  3904 | D:5      | Reached XP level 7. HP: 37/56 MP: 7/7
  3968 | D:5      | Noticed Sigmund
  3999 | D:5      | Killed Sigmund
  4000 | D:5      | Reached skill level 8 in Polearms
  4098 | D:5      | Slain by an orc

Illustrated notes

Levels and vault maps discovered:
D:1:      dpeg_arrival_line_fractal, layout_loops_ring,
          ebering_ecumenical_altar_webs, minmay_misc_feat_enclosed
D:2:      cheibrodos_greedy_goblins, layout_basic, basic_altar,
          grunt_decor_fettered, minmay_strange_pillars
D:3:      layout_basic, nicolae_qazlal_style_of_elements, amcnicky_altar_gilded,
          lemuel_round_altar, serial_shops, nicolae_shop_bloodbath_and_beyond,
          gammafunk_ghost_arena, chequers_serial_rivers_large_a,
          chequers_serial_rivers_micro_e, dreamdust_mushroom_princess
D:4:      layout_gridville, lemuel_doored_altar, nicolae_ashenzari_skybound,
          ebering_ghost_inner_flame, uniq_duvessa, uniq_robin, uniq_ijyb
D:5:      layout_rooms, serial_shops, kennysheep_little_box, uniq_sigmund

Skill      XL: |  1  2  3  4  5  6  7 |
---------------+----------------------+-----
Dodging        | 3 4 5 |  5.8
Polearms       | 5 6 7 8 |  8.4
Fighting       | 4 5 |  5.4
Armour         | |  1.3

Action                   |  1- 3 |  4- 6 |  7- 9 || total
-------------------------+-------+-------+-------++-------
Melee: Spear             |   107 |   344 |    32 ||   483
       Punch             |       |     1 |       ||     1
Invok: Berserk           |     2 |     5 |     2 ||     9
       Trog's Hand       |       |     1 |     1 ||     2
  Use: Potion            |     2 |       |     3 ||     5
       Scroll            |       |     3 |     1 ||     4
 Stab: Sleeping          |       |     3 |       ||     3
       Distracted        |       |     1 |       ||     1
Armor: Animal skin       |     2 |       |       ||     2
       Leather armour    |    16 |    66 |     3 ||    85
       Skin              |    13 |       |       ||    13
Dodge: Dodged            |    52 |   204 |    12 ||   268
Block: Other             |       |    29 |    11 ||    40
       Reflection        |       |     4 |     1 ||     5

Table legend: (Time is in decaauts)
 A = Elapsed time spent in this place.
 B = Non-inter-level travel time spent in this place.
 C = Inter-level travel time spent in this place.
 D = Time resting spent in this place.
 E = Time spent auto-exploring this place.
 F = Levels seen in this place.
 G = Mean time per level.
                   A        B        C        D        E       F      G
               +--------+--------+--------+--------+--------+-----+--------+
         Total |   4069 |   3945 |    124 |    650 |   2489 |   5 |  813.8 |
       Dungeon |   4069 |   3945 |    124 |    650 |   2489 |   5 |  813.8 |
               +--------+--------+--------+--------+--------+-----+--------+

Top non-repeatable levels by time:
     D:2: 1115 daAuts
     D:3: 911 daAuts
     D:1: 878 daAuts
     D:4: 700 daAuts
     D:5: 463 daAuts
